 Dungeon Crawl Stone Soup version 0.20.2 (webtiles) character file.

52 Alfie the Shooter (level 3, -2/30 HPs)
             Began as a Minotaur Hunter on Mar 27, 2020.
             Slain by Robin
             ... wielding a +3 spear of distortion
              (5 damage)
             ... on level 2 of the Dungeon.
             The game lasted 00:03:12 (688 turns).

Alfie the Shooter (Minotaur Hunter)                  Turns: 688, Time: 00:03:14

Health: -2/30      AC:  3    Str: 17    XL:     3   Next: 60%
Magic:  2/2        EV: 12    Int:  8    God:
Gold:   69         SH:  3    Dex: 10    Spells: 2/2 levels left

rFire    . . .     SeeInvis .   b - +0 short sword
rCold    . . .     Gourm    .   (no shield)
rNeg     . . .     Faith    .   c - +0 leather armour
rPois    .         Spirit   .   (helmet restricted)
rElec    .         Reflect  +   (no cloak)
rCorr    .         Harm     .   (no gloves)
MR       .....                  (no boots)
Stlth    +.........             g - +3 amulet of reflection
Regen    0.1/turn               (no ring)
MPRegen  0.1/turn               (no ring)

@: no status effects
A: retaliatory headbutt, horns 2
a: no special abilities


You were on level 2 of the Dungeon.
You were not hungry.

You visited 1 branch of the dungeon, and saw 2 of its levels.

You collected 69 gold pieces.

Inventory:

Hand Weapons
 a - a +1 shortbow
 b - a +0 short sword (weapon)
Armour
 c - a +0 leather armour (worn)
Jewellery
 e - a +5 ring of evasion {unknown}
 g - a +3 amulet of reflection (around neck)
 j - an uncursed amulet of faith
 r - an uncursed ring of wizardry {unknown}
Wands
 s - a wand of digging (14/24)
Scrolls
 k - a scroll of teleportation
 l - a scroll of fear {unknown}
 m - 2 scrolls of remove curse {unknown}
 p - a scroll of identify
Potions
 i - a potion of resistance {unknown}
 n - a potion of curing {unknown}
 o - 3 potions of invisibility {unknown}
 q - a potion of agility {unknown}
Comestibles
 f - a bread ration
 h - a royal jelly


   Skills:
 + Level 2.5 Fighting
 + Level 0.4 Short Blades
 + Level 5.4 Bows
 + Level 0.8 Armour
 + Level 2.5 Dodging
 + Level 0.8 Stealth


You had 2 spell levels left.
You didn't know any spells.

Dungeon Overview and Level Annotations

Branches:
Dungeon (2/15)

Altars:

Annotations:
D:2 Robin


Innate Abilities, Weirdness & Mutations

You reflexively headbutt those who attack you in melee.
You have a pair of horns on your head.


Message History

Robin misses you. The hobgoblin barely misses you.
You see here an arrow.
You barely miss Robin. You headbutt Robin, but do no damage.
Robin throws the goblin at you! The rat barely misses you.
You furiously retaliate!
You headbutt the rat.
You kill the rat!
The goblin barely misses you. The hobgoblin hits you. Robin barely misses you.
You barely miss Robin. The goblin closely misses you.
You block the hobgoblin's attack. Robin closely misses you.
You hit Robin.
Robin is moderately wounded.
The goblin hits you but does no damage. The hobgoblin hits you.
Robin closely misses you.
You hit Robin but do no damage.
Robin is moderately wounded.
The hobgoblin hits you. The goblin hits you with a club!
Robin hits you with a spear of distortion!
* * * LOW HITPOINT WARNING * * *
Space bends around you.
You die...

#.##.....##
#.#.#
..###...##
#.#.# #.##
##.## #.#.# #>
#... #.#)# #.
###.# #.#.# .#
###.# #.#.#
...# #.#.#
#.#####†#g#
..###$.....g@g#
.g.......((.###
..###.#######
#. #


You could see Robin, a hobgoblin and a goblin.

Vanquished Creatures
  An adder (D:2)
  An ooze (D:1)
  2 dart slugs
  A leopard gecko (D:2)
  2 giant cockroaches (D:1)
  5 goblins
  11 hobgoblins
  2 ball pythons (D:1)
  2 bats (D:1)
  3 rats
30 creatures vanquished.

Notes
Turn   | Place    | Note
-------+----------+-------------------------------------------
     0 | D:1      | Alfie the Minotaur Hunter began the quest for the Orb.
     0 | D:1      | Reached XP level 1. HP: 18/18 MP: 0/0
    31 | D:1      | Reached XP level 2. HP: 25/25 MP: 1/1
   206 | D:1      | Reached skill level 5 in Bows
   505 | D:2      | Reached XP level 3. HP: 27/30 MP: 2/2
   678 | D:2      | Noticed Robin
   688 | D:2      | Slain by Robin

Skill      XL: |  1  2 |
---------------+-------+-----
Bows           | 5 |  5.4
Fighting       | |  2.5
Short Blades   | |  0.4
Armour         | |  0.8
Dodging        | |  2.5
Stealth        | |  0.8

Action                   || total
-------------------------++-------
Melee: Short sword       ||    25
       Headbutt          ||     4
 Fire: Shortbow          ||    53
  Use: Scroll            ||     3
Armor: Leather armour    ||    12
Dodge: Dodged            ||    39
Block: Other             ||     3
       Reflection        ||     1
